 Dungeon Crawl Stone Soup version 0.27.1-34-g3ba077fa99 (webtiles) character file.

Game seed: 8754569465586391668

165 ticklebelly the Chopper (level 5, -3/70 HPs)
             Began as a Minotaur Berserker on Jan 7, 2022.
             Was a Believer of Trog.
             Slain by a sky beast (5 damage)
             ... on level 5 of the Dungeon.
             The game lasted 00:02:57 (1920 turns).

ticklebelly the Chopper (Minotaur Berserker)        Turns: 1920, Time: 00:02:58

Health: -3/70      AC:  5    Str: 22    XL:     5   Next: 21%
Magic:  4/4        EV: 11    Int:  4    God:    Trog [**....]
Gold:   92         SH:  0    Dex: 10    Spells: 4/4 levels left

rFire    . . .     SeeInvis .   a - +0 hand axe
rCold    . . .     Faith    .   (no shield)
rNeg     . . .     Spirit   .   l - +0 ring mail
rPois    .         Reflect  .   (helmet restricted)
rElec    .         Harm     .   (no cloak)
rCorr    .         Rampage  .   (no gloves)
Will     .....                  (no boots)
Stlth    ..........             (no amulet)
HPRegen  0.21/turn              (no ring)
MPRegen  0.09/turn              (no ring)

@: berserking, very quick
A: horns 2, retaliatory headbutt
a: Renounce Religion, Berserk, Trog's Hand


You were on level 5 of the Dungeon.
You worshipped Trog.
Trog was pleased with you.
You visited 1 branch of the dungeon, and saw 4 of its levels.

You collected 92 gold pieces.

Inventory:

Hand Weapons
 a - a +0 hand axe (weapon)
Missiles
 i - 7 boomerangs (quivered)
Armour
 l - a +0 ring mail (worn)
Scrolls
 b - a scroll of amnesia {unknown}
 e - a scroll of noise {unknown}
 f - a scroll of identify {unknown}
 h - a scroll of silence {unknown}
Potions
 c - a potion of mutation {unknown}
 d - a potion of curing {unknown}
 g - a potion of flight {unknown}
 j - a potion of haste {unknown}
 k - a potion of resistance {unknown}


   Skills:
 + Level 4.9 Fighting
 + Level 4.9 Axes
 + Level 4.1 Armour
 - Level 3.0 Dodging


You had 4 spell levels left.
You didn't know any spells.
Your spell library was empty.

Dungeon Overview and Level Annotations

Branches:
Dungeon (3/15)

Altars:
Ru


Innate Abilities, Weirdness & Mutations

You have a pair of horns on your head.
You reflexively headbutt those who attack you in melee.


Message History

You have reached level 5!
HP restored.
Found 21 arrows.
Found a stone staircase leading down.
A worm comes into view.
No target in view!
No target in view!
No target in view!
You hit the worm.
The worm is moderately wounded.
You slash the worm!
You kill the worm!
Trog accepts your kill.
No target in view!
You see here a worm corpse.
A sky beast comes into view.
The sky beast flickers out of sight!
Deactivating autopickup; reactivate with Ctrl-A.
Something hits you. Something shocks you.
No target in view!
No target in view!
You miss something. You headbutt something! Something hits you.
Something shocks you.
You hit something but do no damage. Something hits you. Something shocks you.
You slash something! Something hits you. Something shocks you.
* * * LOW HITPOINT WARNING * * *
A red film seems to cover your vision as you go berserk!
You feel yourself moving faster!
You feel mighty! Something hits you.
* * * LOW HITPOINT WARNING * * *
Something shocks you.
* * * LOW HITPOINT WARNING * * *
You miss something. You headbutt something. Something hits you.
* * * LOW HITPOINT WARNING * * *
Something shocks you.
* * * LOW HITPOINT WARNING * * *
Your ring mail prevents you from hitting something.
Something hits you.
* * * LOW HITPOINT WARNING * * *
Something shocks you.
You die...

#...###.#.# ....+.#.#.#
#...#.#.#.# ...
#...#.#.#.# ...
#...#.#.#.# #.# ####..
#.#.#.# #.# #...{#
#.#.#.#####.##
.##...@###.#.#.#.......
................†.......
##.#.....##.#.#.#.......
#.....##........##+#.
#.....##.###.##......
.......##.# #.##......
##.####.##.. #.##......
#. #.#... #.##...... #
#.#.## #.##(.....


There were no monsters in sight!

Vanquished Creatures
  A jelly (D:5)
  Jessica (D:2)
  An iguana (D:5)
  3 adders (D:2)
  2 worms
  A dart slug (D:2)
  2 ball pythons
  5 endoplasms
  A giant cockroach (D:1)
  3 goblins
  9 hobgoblins
  3 quokkas
  4 bats
  5 frilled lizards
  3 kobolds (D:1)
  9 rats
53 creatures vanquished.

Notes
Turn   | Place    | Note
-------+----------+-------------------------------------------
     0 | D:1      | ticklebelly the Minotaur Berserker began the quest for the
                  | Orb.
     0 | D:1      | Reached XP level 1. HP: 19/19 MP: 0/0
    97 | D:1      | Reached XP level 2. HP: 21/27 MP: 1/1
   501 | D:1      | Found a faded altar of an unknown god.
   577 | D:1      | Reached ** piety under Trog
   836 | D:1      | Reached XP level 3. HP: 30/33 MP: 2/2
   910 | D:2      | Noticed Jessica
   916 | D:2      | Killed Jessica
   923 | D:2      | Reached XP level 4. HP: 31/41 MP: 3/3
  1276 | D:2      | Found a sacrificial altar of Ru.
  1772 | D:3      | You fall into a shaft and drop 2 floors!
  1772 | D:5      | Entered Level 5 of the Dungeon
  1857 | D:5      | Reached XP level 5. HP: 43/47 MP: 4/4
  1913 | D:5      | Noticed a sky beast
  1920 | D:5      | HP: 2/70 [something (4)]
  1920 | D:5      | Slain by a sky beast

Illustrated notes

Levels and vault maps discovered:
D:1:      ebering_trefoil_twist, layout_basic,
          shapermc_ecumenical_altar_totnotflames
D:2:      layout_basic, basic_altar, minmay_vboxes, uniq_jessica
D:3:      layout_basic
D:5:      layout_basic, serial_shops, nicolae_inconvenience_store,
          grunt_ministairs_2, minmay_between

Skill      XL: |  1  2  3  4 |
---------------+-------------+-----
Fighting       | 4 |  4.9
Axes           | 4 |  4.9
Armour         | 3 4 |  4.1
Dodging        | 3 |  3.0

Action                   |  1- 3 |  4- 6 || total
-------------------------+-------+-------++-------
Melee: Hand axe          |    57 |    42 ||    99
       Headbutt          |     9 |     8 ||    17
Invok: Berserk           |       |     1 ||     1
Armor: Leather armour    |    17 |     3 ||    20
       Ring mail         |       |     2 ||     2
Dodge: Dodged            |    39 |    24 ||    63
